 Dungeon Crawl Stone Soup version 0.23.2-40-g277498a001 (webtiles) character file.

Game seed: 12359463242296890640

77 BreadTh the Digger (level 3, 0/28 HPs)
             Began as a Demigod Earth Elementalist on Sept 1, 2019.
             Slain by an iguana (4 damage)
             ... on level 3 of the Dungeon.
             The game lasted 00:10:09 (3288 turns).

BreadTh the Digger (Demigod Earth Elementalist)     Turns: 3288, Time: 00:10:10

Health: 0/28       AC:  7    Str: 11    XL:     3   Next: 91%
Magic:  3/8        EV: 12    Int: 19    God:
Gold:   155        SH:  0    Dex: 18    Spells: 5/6 levels left

rFire    . . .     SeeInvis .   i - +0 dagger
rCold    . . .     Gourm    .   (no shield)
rNeg     . . .     Faith    .   m - +0 leather armour
rPois    .         Spirit   .   l - +0 helmet
rElec    .         Reflect  .   (no cloak)
rCorr    .         Harm     .   k - +2 pair of gloves
MR       .....                  (no boots)
Stlth    ++........             a - amulet of magic regeneration
HPRegen  0.09/turn              (no ring)
MPRegen  0.36/turn              (no ring)

@: no status effects
A: high mp 1
a: no special abilities


You were on level 3 of the Dungeon.
You were not hungry.

You visited 1 branch of the dungeon, and saw 3 of its levels.

You collected 155 gold pieces.

Inventory:

Hand Weapons
 i - a +0 dagger (weapon)
Missiles
 b - 95 stones (quivered)
Armour
 k - a +2 pair of gloves (worn)
 l - a +0 helmet (worn)
 m - a +0 leather armour (worn)
Jewellery
 a - an amulet of magic regeneration (around neck)
Scrolls
 g - a scroll of random uselessness {unknown}
 h - a scroll of teleportation {unknown}
 p - a scroll of identify {unknown}
Potions
 c - a potion of resistance {unknown}
 e - 2 potions of curing {unknown}
 f - a potion of brilliance {unknown}
 j - 2 potions of agility {unknown}
 o - a potion of berserk rage {unknown}
Comestibles
 d - 7 rations
 n - 4 chunks of flesh


   Skills:
 - Level 1.0 Fighting
 - Level 2.0 Dodging
 - Level 2.0 Stealth
 - Level 2.0 Spellcasting
   Level 0.8 Transmutations
 + Level 4.1 Earth Magic


You had 5 spell levels left.
You knew the following spells:

 Your Spells              Type           Power        Failure   Level  Hunger
a - Sandblast             Erth           ###...       4%          1    #......

Your spell library contained the following spells:

 Spells                   Type           Power        Failure   Level  Hunger
 Passwall                 Tmut/Erth      ##......     12%         2    ###....
 Stone Arrow              Conj/Erth      #.....       28%         3    ###....
 Petrify                  Tmut/Erth      ##......     63%         4    #####..
 Lee's Rapid Deconstruct  Erth           ###.......   75%         5    ######.


Dungeon Overview and Level Annotations

Branches:
Dungeon (3/15)


Innate Abilities, Weirdness & Mutations

You have an increased reservoir of magic. (+10% MP)


Message History

The iguana bites you!
* * * LOW HITPOINT WARNING * * *
Casting: Sandblast (safe; 4% risk of failure)
Confirm with . or Enter, or press ? or * to list all spells.
Aiming: Sandblast (safe; 4% risk of failure)
Press: ? - help, Shift-Dir - straight line, f/p - iguana
Aim: an iguana The blast of sand hits the iguana but does no damage.
b - 96 stones The iguana barely misses you.
Casting: Sandblast (safe; 4% risk of failure)
Confirm with . or Enter, or press ? or * to list all spells.
Aiming: Sandblast (safe; 4% risk of failure)
Press: ? - help, Shift-Dir - straight line, f/p - iguana
Aim: an iguana The blast of sand hits the iguana.
The iguana is moderately wounded.
b - 95 stones The iguana bites you.
You die...

.. #..####.# ##
#.......# ##.###### ###
#.# ..# ### #.# #####.#
#.. #.# #...#.##.# #.#
#....l..$# ##.## #
#...#@...###.#...#####
#.##.##..##.........#...
#........# #..........#.
####.###.# ###.##.#####.
####.###.# #. #.# #.
#........#####.##.# #.
#.##.###.......##+## #.
# #..##.#######..<## #.
#......<..##.....###.


You could see an iguana.

Vanquished Creatures
  Robin (D:2)
  2 adders (D:2)
  A dart slug (D:2)
  2 leopard geckos
  3 giant cockroaches
  11 goblins
  7 hobgoblins
  3 kobolds
  A ball python (D:2)
  4 bats
  5 frilled lizards
  A rat (D:1)
41 creatures vanquished.

Notes
Turn   | Place    | Note
-------+----------+-------------------------------------------
     0 | D:1      | BreadTh the Demigod Earth Elementalist began the quest for
                  | the Orb.
     0 | D:1      | Reached XP level 1. HP: 14/14 MP: 5/5
  1069 | D:2      | Reached XP level 2. HP: 22/22 MP: 7/7
  1526 | D:2      | Found a shattered altar of Ashenzari.
  1645 | D:2      | Noticed Robin
  1666 | D:2      | Reached skill level 3 in Earth Magic
  1679 | D:2      | Reached skill level 1 in Fighting
  1768 | D:2      | Killed Robin
  1768 | D:2      | Reached XP level 3. HP: 11/28 MP: 1/8
  3020 | D:3      | Reached skill level 4 in Earth Magic
  3288 | D:3      | Slain by an iguana

Skill      XL: |  1  2  3 |
---------------+----------+-----
Stealth        | 2 |  2.0
Dodging        | 2 |  2.0
Spellcasting   | 2 |  2.0
Earth Magic    | 3 4 |  4.1
Fighting       | 1 |  1.0
Transmutations | |  0.8

Action                   || total
-------------------------++-------
Melee: Unarmed           ||    20
       Dagger            ||   153
       Club              ||     5
 Cast: Sandblast         ||    24
 Stab: Sleeping          ||     7
  Eat: Chunk             ||     5
       Ration            ||     1
Armor: Robe              ||    20
       Leather armour    ||    24
Dodge: Dodged            ||   125
